 Dungeon Crawl Stone Soup version 0.31-a0-216-g22e908daa7 (webtiles) character file.

Game seed: 4704860458127310917

93 qw the Shooter (level 4, -10/36 HPs)
             Began as a Minotaur Hexslinger on July 2, 2023.
             Mangled by a gnoll
             ... wielding a +0 halberd
              (11 damage)
             ... on level 3 of the Dungeon.
             The game lasted 00:00:42 (1494 turns).

qw the Shooter (Minotaur Hexslinger)                Turns: 1494, Time: 00:00:42

Health: -10/36     AC:  5    Str: 13    XL:     4   Next: 37%
Magic:  4/4        EV: 11    Int: 10    God:
Gold:   104        SH:  0    Dex: 14    Spells: 4/5 levels left

rFire   . . .        Y - +2 sling
rCold   . . .        (no shield)
rNeg    . . .        f - +0 ring mail
rPois   .            (helmet restricted)
rElec   .            (no cloak)
rCorr   .            (no gloves)
SInv    .            (no boots)
Will    .....        (no amulet)
Stlth   +            (no ring)
HPRegen 0.26/turn    (no ring)
MPRegen 0.09/turn

%: no passive effects
@: lethally poisoned (-10 -> -33)
A: horns 2, retaliatory headbutt
a: no special abilities


You were on level 3 of the Dungeon.
You visited 1 branch of the dungeon, and saw 3 of its levels.

You collected 104 gold pieces.


Innate Abilities, Weirdness & Mutations

You have a pair of horns on your head.
You reflexively headbutt those who attack you in melee.


   Skills:
 - Level 2.0 Fighting
 + Level 4.6 Ranged Weapons
 - Level 1.3 Armour
 - Level 2.1 Dodging
 - Level 1.0 Spellcasting
 - Level 2.0 Hexes


You had 4 spell levels left.
You knew the following spells:

 Your Spells              Type           Power      Damage    Failure   Level
a - Slow                  Hex            16%        N/A       32%         1

Your spell library contained the following spells:

 Spells                   Type           Power      Damage    Failure   Level
 Inner Flame              Hex/Fire       2%         N/A       82%         3
 Portal Projectile        Hex/Tloc       4%         N/A       82%         3
 Cause Fear               Hex            2%         N/A       97%         4

Inventory:

Hand Weapons
 Y - a +2 sling (weapon)
Armour
 f - a +0 ring mail (worn)
Potions
 d - a potion of attraction {unknown}
 e - a potion of lignification {unknown}
 i - a potion of magic {unknown}

Dungeon Overview and Level Annotations

Branches:
Dungeon (3/15)

Altars:


Message History

A gnoll comes into view. It is wielding a +0 halberd.
You shoot a sling bullet. The sling bullet hits the quokka.
You kill the quokka!
You hear a shout!
A hobgoblin comes into view.
The gnoll throws a throwing net.
The throwing net hits you.
You become entangled in the net!
You hear an angry hiss.
You struggle against the net.
A gnoll comes into view. It is wielding a +0 halberd.
You struggle against the net.
The gnoll shouts!
A ball python comes into view.
An orc comes into view. It is wielding a +0 dagger.
You rip the net and break free!
The ball python hisses angrily.
The orc shouts!
You hear a shout!
The rat bites you but does no damage.
You shoot a sling bullet.
The sling bullet closely misses the rat.
The rat bites you but does no damage.
You shoot a sling bullet.
The sling bullet hits the rat but does no damage.
The gnoll closely misses you. The rat misses you. The gnoll closely misses you.
The gnoll throws a throwing net.
The throwing net barely misses you. The gnoll misses you.
The rat closely misses you.
You shoot a sling bullet.
The sling bullet hits the rat but does no damage.
The gnoll hits you from afar with a +0 halberd!
The gnoll barely misses you.
The gnoll hits you from afar with a +0 halberd.
The rat barely misses you. The gnoll hits you but does no damage.
You are poisoned.
1494 ||| STAIRDANCE You feel very sick.
The gnoll barely misses you.
The gnoll hits you from afar with a +0 halberd!
The gnoll hits you from afar with a +0 spear of venom!
You are more poisoned.
The gnoll hits you from afar with a +0 halberd!
You die...

## ...##..
.#####! .......
.......#.......
.....:.......
.%....).....
...##....g.....
#.......go....
#@.gS....
##rg.....
g...... ......$
....... .......
....... ##.....


You could see 4 gnolls, an orc, a hobgoblin, a ball python and a rat.

Vanquished Creatures
  3 adders (D:2)
  A worm (D:2)
  3 dart slugs
  An orc (D:3)
  5 bats
  6 endoplasms
  4 giant cockroaches
  4 goblins
  4 hobgoblins
  3 quokkas
  9 ball pythons
  5 frilled lizards
  5 kobolds
  A rat (D:1)
54 creatures vanquished.

Notes
Turn   | Place    | Note
-------+----------+-------------------------------------------
     0 | D:1      | qw the Minotaur Hexslinger began the quest for the Orb.
     0 | D:1      | Reached XP level 1. HP: 16/16 MP: 1/1
     0 | D:1      | 0 ||| qw: Version: 0.3-a-35-g05ef00e
     0 | D:1      | 0 ||| qw: Game counter: 7850
     0 | D:1      | 0 ||| qw: Melee chars always use a shield: true
     0 | D:1      | 0 ||| qw: God list: Okawaru
     0 | D:1      | 0 ||| qw: Allow faded altars: false
     0 | D:1      | 0 ||| qw: Do Orc after clearing Dungeon:15 true
     0 | D:1      | 0 ||| qw: Do second Lair branch before Depths: true
     0 | D:1      | 0 ||| qw: Lair rune preference: random
     0 | D:1      | 0 ||| qw: Goals: Normal
     0 | D:1      | 0 ||| PLANNING D:1-11
   109 | D:1      | Reached skill level 3 in Ranged Weapons
   112 | D:1      | Reached XP level 2. HP: 23/23 MP: 2/2
   450 | D:1      | Reached XP level 3. HP: 22/29 MP: 3/3
   776 | D:1      | 776 ||| UPGRADING to +0 ring mail.
   786 | D:1      | 786 ||| DROPPING +0 robe.
   787 | D:1      | 787 ||| READING scroll labelled FENTON LIPOKH.
   788 | D:1      | 788 ||| DROPPING scroll of poison.
   819 | D:2      | Reached skill level 4 in Ranged Weapons
   916 | D:2      | Reached skill level 1 in Armour
   920 | D:2      | Reached XP level 4. HP: 34/36 MP: 4/4
  1459 | D:2      | 1459 ||| READING scroll labelled KAEWIARINO.
  1464 | D:2      | 1464 ||| READING scroll labelled MYR TUSTROANA.
  1465 | D:2      | 1465 ||| READING scroll labelled KINENE AQUAHO.
  1466 | D:2      | 1466 ||| READING scroll labelled RUPTAN QYSO.
  1467 | D:2      | 1467 ||| READING scroll labelled QEARAM ZIRIME.
  1494 | D:3      | 1494 ||| STAIRDANCE
  1494 | D:3      | HP: 9/36 [gnoll/+0 halberd (11)]
  1494 | D:3      | HP: 1/36 [gnoll/+0 spear of venom (8)]
  1494 | D:3      | Mangled by a gnoll

Levels and vault maps discovered:
D:1:      wander_arrival_desolate, layout_basic
D:2:      layout_loops_ring, chequers_avenue, nicolae_figureground_sparkle
D:3:      layout_rooms, gammafunk_temple_overflow_wave, gammafunk_ghost_split,
          uniq_crazy_yiuf_cottage

Skill      XL: |  1  2  3 |
---------------+----------+-----
Ranged Weapons | 3 4 |  4.6
Fighting       | 2 |  2.0
Armour         | 1 |  1.3
Dodging        | |  2.1
Spellcasting   | |  1.0
Hexes          | |  2.0

Action                     |  1- 3 |  4- 6 || total
---------------------------+-------+-------++-------
   Fire: Sling             |   126 |    45 ||   171
    Use: Scroll            |     1 |     5 ||     6
 Armour: Robe              |    13 |       ||    13
         Ring mail         |     5 |    10 ||    15
  Dodge: Dodged            |    45 |    14 ||    59

Table legend:
 A = Non-vault XP
 B = Vault XP
 C = Vault XP percentage of total XP
 D = Non-vault monster count
 E = Vault monster count
 F = Vault count percentage of total count
                 A         B        C        D         E       F
            +---------+---------+-------+---------+---------+-------
      Total |     134 |       0 |   0.0 |      54 |       0 |   0.0
            +---------+---------+-------+---------+---------+-------
        D:1 |      55 |       0 |   0.0 |      32 |       0 |   0.0
        D:2 |      74 |       0 |   0.0 |      20 |       0 |   0.0
        D:3 |       5 |       0 |   0.0 |       2 |       0 |   0.0
            +---------+---------+-------+---------+---------+-------
